 Dungeon Crawl Stone Soup version 0.23.0 (webtiles) character file.

Game seed: 7732946992100337032

4953 poirepourri the Severer (level 10, 0/88 HPs)
             Began as a Deep Dwarf Fighter on Feb 15, 2019.
             Was a Priest of Makhleb.
             Slain by a hippogriff (2 damage)
             ... on level 9 of the Dungeon.
             The game lasted 00:07:15 (6127 turns).

poirepourri the Severer (Deep Dwarf Fighter)        Turns: 6127, Time: 00:07:16

Health: 0/88       AC:  8    Str: 20    XL:     10   Next: 28%
Magic:  3/3        EV:  6    Int:  9    God:    Makhleb [***...]
Gold:   442        SH:  7    Dex: 15    Spells: 9/9 levels left

rFire    . . .     SeeInvis .   a - +2 war axe
rCold    . . .     Gourm    .   c - +0 shield
rNeg     . . .     Faith    .   j - +0 scale mail
rPois    .         Spirit   .   l - +0 helmet
rElec    .         Reflect  .   (no cloak)
rCorr    .         Harm     .   (no gloves)
MR       +....                  t - +0 pair of boots
Stlth    ..........             (no amulet)
HPRegen  0.00/turn              h - ring of flight
MPRegen  0.08/turn              (no ring)

@: very slightly contaminated, non-regenerating, extremely drained
A: damage resistance, heal wounds, sense surroundings 2, no regeneration
a: Heal Wounds, Minor Destruction, Lesser Servant of Makhleb, Renounce Religion,
Evoke Flight


You were on level 9 of the Dungeon.
You worshipped Makhleb.
Makhleb was most pleased with you.
You were not hungry.

You visited 2 branches of the dungeon, and saw 10 of its levels.

You collected 442 gold pieces.

Inventory:

Hand Weapons
 a - a +2 war axe (weapon)
 b - the +7 mace of Kotis {holy, +Inv Dex+3}
   (You found it on level 4 of the Dungeon)

   It has been blessed by the Shining One to cause great damage to the undead
   and demons.
   It affects your dexterity (+3).
   It lets you turn invisible.
Missiles
 n - 57 bolts
 p - 3 javelins (quivered)
Armour
 c - a +0 shield (worn)
 j - a +0 scale mail (worn)
 l - a +0 helmet (worn)
 t - a +0 pair of boots (worn)
Jewellery
 h - a ring of flight (left hand)
 r - a +1 ring of evasion {unknown}
Wands
 d - a wand of polymorph (8)
 q - a wand of flame (19)
Scrolls
 g - a scroll of identify
 i - 2 scrolls of fear
 k - a scroll of magic mapping
 m - 4 scrolls of teleportation
 u - a scroll of enchant weapon
 v - 4 scrolls of remove curse
Potions
 f - 2 potions of haste
 s - a potion of mutation
Comestibles
 o - 2 rations


   Skills:
 + Level 5.3(0.0) Fighting
 - Level 15.0(2.5) Axes
 - Level 3.2(0.0) Armour
 - Level 3.2(0.0) Shields


You had 9 spell levels left.
You didn't know any spells.
Your spell library was empty.

Dungeon Overview and Level Annotations

Branches:
Dungeon (9/15)             Temple (1/1) D:5            Lair (0/6) D:8
    Orc: D:9-12

Altars:
Ashenzari
Cheibriados
Dithmenos
Elyvilon
Fedhas
Gozag
Hepliaklqana
Kikubaaqudgha
Makhleb
Nemelex Xobeh
Okawaru
Qazlal
Ru
Sif Muna
Trog
Vehumet
Wu Jian
Yredelemnul
Zin
The Shining One


Innate Abilities, Weirdness & Mutations

You are resistant to damage.
You can heal yourself by infusing magical energy.
You passively map the area around you.
You do not regenerate.


Message History

Makhleb accepts your kill.
You feel better. The hippogriff bites you. You block the hippogriff's attack.
The hippogriff claws you.
* * * LOW HITPOINT WARNING * * *
You slash the hippogriff!
The hippogriff is severely wounded.
The hippogriff bites you.
* * * LOW HITPOINT WARNING * * *
You block the hippogriff's attack. The hippogriff completely misses you.
You barely miss the hippogriff.
The hippogriff is severely wounded.
The hippogriff bites you. The hippogriff pecks you.
* * * LOW HITPOINT WARNING * * *
The hippogriff claws you but does no damage.
You block the hippogriff's attack. The hippogriff pecks you.
The hippogriff claws you but does no damage.
You hit the hippogriff.
The hippogriff is severely wounded.
You block the hippogriff's attack. The hippogriff pecks you.
You die...

, , , * *.. *
* * .##* * *
, *,... * * ,
, ..#* * *
*,#.# .# * *
* * ,#.# , .#
* * ,* ** #.#
, #.## , , *
#@# #...## ,
**, ** #H#*
.....## *, ,
#.#
o.......,,*
,, , * ,
#.###)....##
* , , * *
#...........,
, , , #(#
#).###..####
* , #.# #?.#
## * * * #.#
#..# ,** *
*#.# #..# ,*


You could see a hippogriff.

Vanquished Creatures
  Pikel (D:6)
  Joseph (D:8)
  A komodo dragon (D:8)
  A hippogriff (D:7)
  Sigmund (D:6)
  Eustachio (D:5)
  A hungry ghost (D:7)
  A wyvern (D:9)
  Menkaure (D:6)
  Edmund (D:5)
  An ice beast (D:5)
  4 orc warriors
  A phantom (D:7)
  3 slaves (D:6)
  A necrophage (D:7)
  3 centaurs (D:7)
  2 ogres
  5 bullfrogs
  5 wights (D:8)
  6 killer bees (D:8)
  5 crimson imps
  3 hounds
  A centaur zombie (D:8)
  3 orc priests
  A centaur skeleton (D:6)
  An iron imp (D:3)
  3 jellies
  An orc wizard (D:7)
  A bullfrog skeleton (D:5)
  3 iguanas
  7 worker ants
  A hound zombie (D:7)
  A hound skeleton (D:4)
  A gnoll (D:4)
  A howler monkey skeleton (D:5)
  2 worker ant zombies
  8 adders
  4 oozes
  3 adder skeletons
  2 worms
  A dart slug (D:2)
  3 leopard geckos
  19 orcs
  5 ball pythons
  7 giant cockroaches
  7 hobgoblins
  19 jackals
  5 kobolds
  4 quokkas
  4 bats
  5 frilled lizards (D:1)
  A giant cockroach zombie (D:5)
  13 goblins
  A leopard gecko zombie (D:5)
  A quokka skeleton (D:5)
  7 rats
195 creatures vanquished.

Vanquished Creatures (others)
  11 plants (D:8)
11 creatures vanquished.

Grand Total: 206 creatures vanquished

Notes
Turn   | Place    | Note
-------+----------+-------------------------------------------
     0 | D:1      | poirepourri the Deep Dwarf Fighter began the quest for the
                  | Orb.
     0 | D:1      | Reached XP level 1. HP: 20/20 MP: 1/1
   103 | D:1      | Reached skill level 3 in Axes
   103 | D:1      | Reached XP level 2. HP: 16/27 MP: 2/2
   319 | D:1      | Reached XP level 3. HP: 32/33 MP: 2/2
   330 | D:1      | Reached skill level 4 in Axes
   723 | D:2      | Reached skill level 5 in Axes
   723 | D:2      | Reached XP level 4. HP: 38/40 MP: 3/3
  1572 | D:3      | Found a sparkling altar of Nemelex Xobeh.
  1687 | D:3      | Reached XP level 5. HP: 35/46 MP: 4/4
  1741 | D:3      | Reached skill level 6 in Axes
  2024 | D:3      | Found a burning altar of Makhleb.
  2109 | D:3      | Became a worshipper of Makhleb the Destroyer
  2406 | D:4      | Found a stormy altar of Qazlal.
  2522 | D:4      | Reached skill level 7 in Axes
  2522 | D:4      | Reached XP level 6. HP: 18/55 MP: 5/5
  2606 | D:4      | Found a shadowy altar of Dithmenos.
  2758 | D:4      | Found a white marble altar of Elyvilon.
  2852 | D:4      | Got an iridescent mace
  2853 | D:4      | Identified the +7 mace of Kotis {holy, +Inv Dex+3} (You
                  | found it on level 4 of the Dungeon)
  3092 | D:5      | Entered Level 5 of the Dungeon
  3216 | D:5      | Found a staircase to the Ecumenical Temple.
  3245 | Temple   | Entered the Ecumenical Temple
  3545 | D:5      | Reached skill level 8 in Axes
  3562 | D:5      | Noticed Eustachio
  3578 | D:5      | Killed Eustachio
  3578 | D:5      | Reached XP level 7. HP: 38/61 MP: 6/6
  3594 | D:5      | Noticed Edmund
  3616 | D:5      | Killed Edmund
  3616 | D:5      | Reached skill level 9 in Axes
  4030 | D:5      | Reached skill level 10 in Axes
  4122 | D:6      | Reached * piety under Makhleb
  4129 | D:6      | Noticed Menkaure
  4144 | D:6      | Killed Menkaure
  4144 | D:6      | Reached XP level 8. HP: 19/68 MP: 5/5
  4166 | D:6      | Noticed Pikel
  4177 | D:6      | Killed Pikel
  4177 | D:6      | Reached skill level 11 in Axes
  4335 | D:6      | Reached skill level 12 in Axes
  4338 | D:6      | Noticed Sigmund
  4346 | D:6      | Killed Sigmund
  4411 | D:6      | Gained mutation: You passively map the area around you.
                  | [Deep Dwarf growth]
  4411 | D:6      | Reached XP level 9. HP: 53/74 MP: 6/6
  4630 | D:7      | Found a shattered altar of Ashenzari.
  4718 | D:7      | Reached ** piety under Makhleb
  4788 | D:7      | Reached skill level 13 in Axes
  4809 | D:7      | Found a sparkling altar of Nemelex Xobeh.
  5034 | D:7      | Reached skill level 14 in Axes
  5524 | D:8      | Noticed Joseph
  5542 | D:8      | Killed Joseph
  5575 | D:8      | Reached skill level 15 in Axes
  5575 | D:8      | Reached XP level 10. HP: 71/81 MP: 6/6
  5647 | D:8      | Found an ornate altar of the Wu Jian Council.
  5652 | D:8      | Reached *** piety under Makhleb
  5943 | D:8      | Found a staircase to the Lair.
  6042 | D:9      | Reached skill level 5 in Fighting
  6123 | D:9      | HP: 1/88 [orc warrior/+1 long sword of draining (11)]
  6127 | D:9      | Slain by a hippogriff

Skill      XL: |  1  2  3  4  5  6  7  8  9 10 |
---------------+-------------------------------+-----
Axes           | 3 5 7 8 10 12 15 | 15.0
Fighting       | 5 |  5.3
Armour         | |  3.2
Shields        | |  3.2

Action                   |  1- 3 |  4- 6 |  7- 9 | 10-12 || total
-------------------------+-------+-------+-------+-------++-------
Melee: War axe           |   144 |   155 |   326 |   142 ||   767
       Mace              |       |    29 |    14 |       ||    43
 Abil: Heal Wounds       |     1 |     1 |    10 |    12 ||    24
  Use: Scroll            |     2 |     6 |     9 |       ||    17
       Potion            |       |     6 |     6 |     3 ||    15
 Stab: Invisible         |       |       |       |     4 ||     4
  Eat: Ration            |       |     3 |     4 |       ||     7
       Chunk             |       |     1 |       |       ||     1
Armor: Scale mail        |    75 |    75 |   112 |    48 ||   310
Dodge: Dodged            |    49 |    71 |    69 |    41 ||   230
Block: Shield            |    80 |    94 |   121 |    58 ||   353
